Map: Kairos Junction LE

Players

FeverNight - Winner!

  • Race: Terran Terran
  • League: Gold
  • Spawn Location: 11:00

RaVaR

  • Race: Terran Terran
  • League: Silver
  • Spawn Location: 5:00

VOD

Have the link to the VOD?

Description

Time

  • Played on: April 28, 2019, 12:09 a.m.
  • Length: 12:04
Show
View Real Time Build Order
Export as new Build Order

FeverNight Terran - Winner!

Build Orders:  

Get SALT Encoding   

  12  0:01  SCV  
  13  0:13  SCV  
  14  0:17  Supply Depot  
  14  0:25  SCV  
  15  0:39  SCV  
  15  0:40  Barracks  
  16  0:46  Refinery  
  16  0:51  SCV  
  17  0:57  Refinery  
  17  1:03  SCV  
  18  1:11  Supply Depot  
  18  1:16  SCV  
  19  1:28  SCV  
  20  1:36  Reaper  
  21  1:40  Orbital Command  
  21  1:51  Factory  
  21  2:03  Barracks  
  21  2:10  Marine  
  21  2:15  SCV  
  23  2:24  Barracks  
  23  2:27  SCV  
  24  2:40  Starport  
  24  2:42  Factory Tech Lab  
  24  2:43  Marine  
  25  2:50  Supply Depot  
  25  2:52  Marine  
  25  2:56  SCV  
  27  3:08  SCV  
  28  3:17  Hellion  
  30  3:20  Supply Depot, SCV  
  31  3:29  Fusion Core  
  31  3:30  Medivac  
  31  3:33  SCV  
  34  3:37  Marine  
  35  3:42  Marine  
  35  3:43  Marine  
  37  3:49  Supply Depot  
  37  3:50  SCV  
  38  4:08  SCV  
  39  4:12  Marine x3  
  42  4:20  Battlecruiser  
  48  4:52  Command Center  
  48  4:55  Marine x3  
  48  4:57  Factory Tech Lab  
  51  5:10  SCV  
  51  5:11  Supply Depot  
  51  5:13  Marine x3  
  55  5:33  Siege Tank  
  58  6:00  SCV  
  59  6:12  SCV x2  
  59  6:13  Siege Tank  
  64  6:24  SCV  
  65  6:31  Marine x2  
  65  6:32  Marine  
  68  6:35  Orbital Command  
  68  6:38  SCV  
  69  6:41  Medivac  
  71  6:49  Marine  
  72  7:03  Barracks Tech Lab  
  72  7:04  Barracks Reactor  
  72  7:20  Siege Tank  
  72  7:22  Refinery  
  75  7:23  Refinery  
  75  7:26  Supply Depot  
  75  7:31  Supply Depot, Command Center  
  75  7:32  Battlecruiser  
  81  7:38  Engineering Bay  
  81  7:40  Engineering Bay  
  81  7:42  Marine x2  
  81  7:43  Marine  
  85  7:44  Armory  
  85  7:45  Barracks Reactor  
  85  7:47  Combat Shield  
  84  7:57  SCV  
  84  7:58  SCV  
  86  8:00  Marine  
  87  8:09  SCV  
  87  8:10  SCV  
  87  8:11  Marine, Marauder  
  92  8:18  Marine  
  93  8:22  SCV  
  97  8:27  Siege Tank  
  97  8:31  Supply Depot  
  97  8:32  Terran Infantry Weapons Level 1, Terran Infantry Armor Level 1  
  97  8:39  Missile Turret  
  97  8:42  Supply Depot  
  97  8:43  Missile Turret  
  97  9:03  Orbital Command  
  97  9:07  SCV x2  
  99  9:19  SCV x2  
  101  9:31  Supply Depot  
  101  9:32  Siege Tank  
  101  9:33  Supply Depot  
  101  9:36  Supply Depot  
  102  10:10  Marine, Marauder  
  102  10:11  Marine x3  
  102  10:12  SCV x2  
  102  10:13  SCV  
  111  10:14  Siege Tank  
  111  10:16  Battlecruiser  
  120  10:24  SCV  
  120  10:25  SCV  
  120  10:27  SCV  
  123  10:28  Marine  
  123  10:32  Marauder  
  123  10:33  Refinery  
  126  10:36  Refinery, SCV  
  127  10:46  Siege Tank  
  127  10:48  Missile Turret x2  
  130  10:51  Missile Turret, Marine x3  
  130  10:52  Marine  
  130  10:53  Marauder  
  130  10:54  Missile Turret  
  136  10:58  Missile Turret  
  136  11:02  Starport  
  136  11:05  SCV x2  
  136  11:06  SCV, Starport  
  136  11:08  Supply Depot  
  139  11:15  Marauder  
  139  11:16  Missile Turret  
  139  11:17  SCV  
  142  11:18  Siege Tank  
  142  11:21  Missile Turret  
Show
View Real Time Build Order
Export as new Build Order

RaVaR Terran 

Build Orders: Mech 

Get SALT Encoding   

  12  0:00  SCV  
  13  0:13  SCV  
  14  0:18  Supply Depot  
  14  0:25  SCV  
  15  0:41  Barracks, SCV  
  16  0:46  Refinery  
  16  0:53  SCV  
  17  1:06  SCV  
  18  1:18  SCV  
  19  1:30  Marine, SCV  
  21  1:39  Supply Depot  
  21  1:42  SCV  
  22  1:50  Command Center  
  22  1:54  SCV  
  23  2:01  Barracks Tech Lab  
  23  2:06  Factory  
  23  2:08  SCV  
  24  2:22  Marine  
  25  2:24  SCV  
  25  2:28  Refinery  
  25  2:39  SCV  
  25  2:42  Marine  
  27  2:56  Supply Depot, SCV  
  28  3:13  Siege Tank  
  28  3:19  Orbital Command  
  31  3:22  Orbital Command  
  31  3:32  Engineering Bay  
  31  3:46  Siege Tank, Factory  
  34  3:50  Orbital Command  
  34  3:51  Factory  
  34  3:54  SCV  
  35  4:06  SCV  
  36  4:23  Bunker  
  36  4:27  Supply Depot  
  36  4:31  SCV  
  36  4:32  SCV  
  36  4:36  Factory Tech Lab  
  36  4:37  Factory Tech Lab  
  38  4:44  SCV x2  
  40  4:52  Supply Depot  
  40  4:53  Supply Depot  
  40  4:59  Siege Tank  
  43  5:04  Siege Tank  
  46  5:22  Armory  
  46  5:26  Hellion  
  48  5:33  Factory  
  46  5:41  Missile Turret  
  43  5:46  Missile Turret  
  43  5:47  Missile Turret, Hellion  
  37  6:20  Missile Turret  
  31  6:41  Refinery  
  31  6:45  Missile Turret  
  27  7:24  Missile Turret  
  27  7:51  Thor  
  27  8:28  Command Center  
  27  8:33  Missile Turret  
  27  8:51  Factory Tech Lab  
  27  8:53  Hellion  
  29  9:02  SCV  
  30  9:14  SCV  
  30  9:15  Thor  
  37  9:17  Hellion x2  
  41  9:26  SCV  
  42  9:36  Factory Reactor  
  42  9:39  Hellion x2  
  42  9:41  Refinery  
  46  9:45  Orbital Command  
  46  9:47  Refinery  
  46  10:02  Thor  
  46  10:06  Hellion  
  54  10:15  SCV  
  54  10:18  SCV  
  56  10:27  SCV  
  57  10:43  SCV x2  
  59  10:52  Thor  
  59  10:55  SCV  
  66  10:59  SCV  
  67  11:06  Thor x2  
  67  11:07  SCV  
  68  11:17  SCV  
  69  11:19  SCV  
  49  11:49  SCV  
Tags
 
Composition
Mech
Matchup
TvT
Race
Terran
Spawn Locations
Cross Positions
Add a new tag
Caveats
  • Supply blocks, unpowered buildings, or Contaminate may cause inaccurate times.
  • Supply counts are checked every 10 seconds.